Map: Acid Plant LE

Players

zuka - Winner!

  • Race: Zerg Zerg
  • League: Master
  • Spawn Location: 5:00

A.I. 1 (Very Easy)

  • Race: Zerg Zerg
  • Spawn Location: 11:00

VOD

Have the link to the VOD?

Description

Time

  • Played on: Sept. 23, 2018, 10:29 a.m.
  • Length: 13:57
Show
View Real Time Build Order
Export as new Build Order

zuka Zerg - Winner!

Build Orders: Hatch First 

Get SALT Encoding   

  12  0:01  Drone  
  13  0:12  Overlord  
  13  0:22  Drone  
  14  0:30  Drone x2  
  14  0:34  Drone  
  17  0:53  Hatchery  
  17  0:56  Drone  
  17  0:59  Drone  
  17  1:02  Extractor  
  17  1:06  Drone  
  18  1:20  Spawning Pool  
  18  1:23  Drone  
  18  1:28  Drone  
  19  1:38  Drone  
  20  1:49  Drone  
  21  2:03  Overlord  
  21  2:06  Queen  
  21  2:07  Queen  
  25  2:09  Metabolic Boost  
  25  2:11  Zergling x2  
  25  2:12  Zergling x2  
  27  2:17  Drone  
  28  2:24  Drone  
  28  2:27  Drone  
  30  2:33  Drone  
  31  2:39  Drone  
  32  2:49  Overlord  
  32  2:52  Drone  
  32  2:54  Drone  
  34  2:58  Lair  
  34  3:03  Queen  
  36  3:10  Roach Warren  
  35  3:12  Overlord  
  35  3:13  Evolution Chamber  
  35  3:14  Drone  
  35  3:16  Drone  
  35  3:18  Drone  
  37  3:23  Drone  
  38  3:27  Drone  
  38  3:28  Drone  
  38  3:29  Overlord  
  40  3:36  Spore Crawler  
  40  3:38  Spore Crawler  
  40  3:40  Drone  
  40  3:41  Drone  
  40  3:44  Drone  
  40  3:45  Drone  
  40  3:48  Overlord  
  42  3:56  Zerg Missile Weapons Level 1  
  42  3:57  Glial Reconstitution  
  42  4:00  Overlord  
  42  4:03  Extractor  
  42  4:07  Extractor  
  42  4:09  Roach  
  42  4:13  Drone  
  42  4:14  Overlord, Drone x2  
  45  4:40  Roach  
  45  4:41  Roach x4  
  55  4:50  Drone  
  58  4:53  Roach x3  
  58  4:54  Roach  
  58  4:57  Roach  
  58  4:58  Hatchery  
  65  5:02  Drone x2  
  65  5:04  Drone  
  68  5:09  Evolution Chamber  
  68  5:13  Drone  
  68  5:17  Drone  
  68  5:20  Drone x2  
  71  5:25  Drone x3  
  74  5:29  Extractor  
  73  5:42  Drone x5  
  78  5:50  Zerg Missile Weapons Level 2  
  78  5:52  Zerg Ground Armor Level 1  
  78  5:53  Overlord x2  
  78  6:05  Drone x5  
  78  6:06  Drone  
  78  6:11  Hydralisk Den  
  83  6:13  Drone x3  
  83  6:14  Drone  
  87  6:19  Extractor  
  87  6:20  Extractor, Drone  
  86  6:30  Drone  
  86  6:31  Drone x5  
  92  6:40  Drone x2  
  92  6:41  Drone x3  
  97  6:48  Hydralisk x2  
  97  6:51  Overlord  
  97  6:54  Overlord  
  101  6:59  Overseer  
  101  7:04  Hydralisk  
  101  7:05  Hydralisk  
  101  7:07  Overlord x2  
  101  7:08  Overlord, Hydralisk x2  
  105  7:13  Hydralisk  
  105  7:14  Hydralisk  
  113  7:19  Overlord  
  113  7:20  Overlord  
  113  7:21  Overlord  
  113  7:25  Hydralisk x3  
  119  7:33  Hydralisk x2  
  119  7:36  Grooved Spines  
  123  7:43  Hydralisk x4  
  129  7:48  Hydralisk x2  
  129  7:49  Hatchery  
  134  7:53  Hydralisk x2  
  138  8:02  Hydralisk Den  
  138  8:03  Hydralisk  
  138  8:04  Hydralisk  
  141  8:06  Overlord x2  
  141  8:12  Hydralisk  
  141  8:13  Hydralisk x3  
  141  8:16  Overlord  
  141  8:18  Overlord  
  149  8:25  Zerg Ground Armor Level 2  
  149  8:31  Muscular Augments, Hydralisk x2  
  149  8:33  Hydralisk  
  155  8:44  Hydralisk x3  
  155  8:45  Hydralisk x2  
  165  9:00  Infestation Pit  
  164  9:05  Hatchery  
  164  9:07  Queen  
  164  9:08  Hydralisk  
  167  9:12  Hydralisk x5  
  167  9:15  Roach  
  167  9:17  Roach  
  181  9:19  Roach  
  181  9:21  Roach  
  181  9:22  Roach  
  189  9:24  Roach  
  189  9:30  Hydralisk  
  189  9:31  Hydralisk x2  
  191  9:33  Zergling x2  
  191  9:34  Zergling x2  
  191  9:35  Zergling x2  
  198  9:42  Hydralisk  
  200  9:49  Hive  
  200  9:53  Unknown  
  198  10:08  Zergling x2  
Show
View Real Time Build Order
Export as new Build Order

A.I. 1 (Very Easy) Zerg 

Build Orders: Pool First 

Get SALT Encoding   

  12  0:01  Drone  
  13  0:12  Overlord  
  13  0:16  Drone  
  14  0:36  Spawning Pool  
  14  0:37  Extractor  
  14  0:40  Drone  
  13  0:47  Drone  
  14  0:53  Overlord  
  14  1:23  Zergling x2  
  14  1:24  Queen  
  17  1:33  Roach Warren  
  17  1:37  Drone  
  17  1:40  Extractor  
  17  1:44  Drone  
  17  1:48  Zergling x2  
  18  2:04  Drone  
  19  2:11  Drone  
  19  2:14  Zergling x2  
  21  2:19  Drone  
  22  2:31  Overlord  
  22  2:34  Drone  
  23  2:40  Roach  
  23  2:42  Drone  
  26  2:52  Drone  
  27  5:39  Zergling x2  
  27  7:06  Drone  
  27  7:07  Overlord, Lair, Roach  
  30  7:12  Hatchery  
  30  7:14  Drone  
  30  7:21  Drone  
  31  7:28  Drone  
  32  7:35  Drone  
  33  7:43  Drone  
  33  7:44  Roach  
  31  8:04  Overseer  
  31  8:05  Overseer  
  31  8:20  Zergling x2  
  31  8:25  Drone  
  33  8:31  Extractor  
  33  8:32  Drone  
  33  8:35  Extractor  
  33  8:39  Drone  
  33  8:46  Drone  
  34  8:53  Drone  
  35  8:57  Roach  
  35  8:59  Overlord, Overseer  
  35  9:01  Drone  
  38  9:08  Drone  
  39  9:15  Drone  
  40  9:22  Drone  
  41  9:29  Drone  
  42  9:36  Drone  
  43  9:44  Drone  
  44  9:51  Drone  
  45  9:53  Overlord  
  45  9:57  Zergling x2  
  45  9:58  Drone  
  42  10:01  Overseer  
  40  10:11  Overlord  
  40  10:12  Drone  
  37  10:19  Drone  
  26  10:26  Zergling x2  
  26  10:27  Drone  
Tags
 
League
Master
Matchup
ZvZ
Race
Zerg
Spawn Locations
Cross Positions
Add a new tag
Caveats
  • Supply blocks, unpowered buildings, or Contaminate may cause inaccurate times.
  • Supply counts are checked every 10 seconds.